 Dungeon Crawl Stone Soup version 0.27-a0-59-gfbafd837a3 (webtiles) character file.

Game seed: 3099902356474514451

1645 Borgoz the Cudgeller (level 8, -4/49 HPs)
             Began as a Gargoyle Gladiator on Jan 8, 2021.
             Was an Initiate of Ashenzari.
             Slain by an orc warrior
             ... wielding a +0 trident
              (8 damage)
             ... in a bailey.
             The game lasted 00:11:40 (7336 turns).

Borgoz the Cudgeller (Gargoyle Gladiator)           Turns: 7336, Time: 00:11:41

Health: -4/49      AC: 24    Str: 17    XL:     8   Next: 99%
Magic:  11/11      EV:  9    Int: 10    God:    Ashenzari [......]
Gold:   424        SH:  0    Dex: 13    Spells: 9/12 levels left

rFire    . . .     SeeInvis .   a - +1 flail
rCold    . . .     Faith    .   (no shield)
rNeg     + + .     Spirit   .   E - +0 chain mail
rPois    ∞         Reflect  .   c - +1 helmet
rElec    +         Harm     .   t - +1 cloak
rCorr    .         Rampage  .   j - +1 pair of gloves
Will     .....                  p - +1 pair of boots
Stlth    ..........             (no amulet)
HPRegen  0.16/turn              o - ring of positive energy
MPRegen  0.12/turn              (no ring)

@: no status effects
A: negative energy resistance 1, electricity resistance, unbreathing,
petrification resistance, miasma immunity, AC +5
a: Renounce Religion, Curse Item


You were in a bailey.
You worshipped Ashenzari.
Ashenzari was noncommittal.
You visited 2 branches of the dungeon, and saw 8 of its levels.
You also visited: Ossuary and Bailey.

You collected 424 gold pieces.

Inventory:

Hand Weapons
 a - a +1 flail (weapon)
Missiles
 d - 2 throwing nets (quivered)
Armour
 c - a +1 helmet (worn)
 j - a +1 pair of gloves (worn)
 p - a +1 pair of boots (worn)
 t - a +1 cloak (worn)
 v - a +0 ring mail of poison resistance
 E - a +0 chain mail (worn)
Jewellery
 o - a ring of positive energy (left hand)
 w - an uncursed ring of ice
Wands
 z - a wand of iceblast (4)
Scrolls
 b - 4 scrolls of teleportation
 e - 3 scrolls of remove curse
 i - 3 scrolls of fear
 n - 3 scrolls of amnesia
 y - 2 scrolls of magic mapping
 C - a scroll of noise {unknown}
 D - 3 scrolls of random uselessness {unknown}
Potions
 f - 13 potions of curing
 g - 2 potions of haste
 k - 3 potions of flight
 l - a potion of heal wounds
 m - 2 potions of invisibility
 q - 2 potions of resistance
 r - a potion of magic
 s - 2 potions of berserk rage
 u - 2 potions of mutation
 x - a potion of ambrosia


   Skills:
 + Level 5.0 Fighting
 * Level 6.7 Maces & Flails
 - Level 1.8 Throwing
 + Level 4.4 Armour
 * Level 5.0 Dodging
 + Level 2.5 Spellcasting
 + Level 2.5 Hexes


You had 9 spell levels left.
You knew the following spells:

 Your Spells              Type           Power        Failure   Level
a - Confusing Touch       Hex            6%           99%         3

Your spell library contained the following spells:

 Spells                   Type           Power        Failure   Level
 Gell's Gravitas          Tloc           0%           100%        3
 Petrify                  Tmut/Erth      1%           100%        4
 Metabolic Englaciation   Hex/Ice        1%           100%        5
 Yara's Violent Unravell  Hex/Tmut       1%           100%        5


Dungeon Overview and Level Annotations

Branches:
Dungeon (7/15)             Temple (1/1) D:5         Ossuary (visited)
 Bailey (1/1)

Altars:
Ashenzari
Elyvilon
Fedhas
Gozag
Hepliaklqana
Kikubaaqudgha
Makhleb
Nemelex Xobeh
Okawaru
Qazlal
Ru
Sif Muna
Trog
Uskayaw
Vehumet
Xom
Yredelemnul
Zin
The Shining One

Shops:
D:4 }


Innate Abilities, Weirdness & Mutations

You are resistant to torment.
Your stone body is resilient. (AC +5)
You are immune to poison.
You resist negative energy. (rN+)
You are resistant to electric shocks. (rElec)
You can survive without breathing.
You are immune to petrification.
You are immune to miasma.


Message History

You feel less confused.
The orc warrior hits you from afar with a cursed -2 glaive!
The orc warrior barely misses you.
The orc warrior hits you but does no damage.
Things that are here:
a +0 halberd; an orc corpse You thump the orc warrior!
The orc warrior is severely wounded.
The orc warrior hits you but does no damage. x3
You hit the orc warrior.
The orc warrior is almost dead.
The orc warrior hits you from afar with a cursed -2 glaive!
* * * LOW HITPOINT WARNING * * *
The orc warrior hits you with a +0 trident.
* * * LOW HITPOINT WARNING * * *
The orc warrior hits you but does no damage.
You closely miss the orc warrior.
The orc warrior is almost dead.
The orc warrior hits you with a +0 trident!
You die...

### ############ ....
##........∩.## .....
######......))....#
o.....#...@#....))......#
o.....'..oo))...!).)...∩#
o.....#..o)#....))......#
..... ######............#
.... ##........∩.## ###
############


You could see 3 orc warriors.

Vanquished Creatures
  An ice beast (D:6)
  2 phantoms
  A sky beast (D:5)
  3 ogres
  2 scorpions
  A howler monkey (D:3)
  2 orc priests (D:3)
  2 hounds
  2 human zombies (Ossuary)
  2 bullfrog skeletons (D:4)
  3 orc wizards (D:3)
  An iguana (D:6)
  3 worker ants (D:4)
  A big kobold zombie (Ossuary)
  A hound zombie (D:2)
  5 mummies (Ossuary)
  7 gnolls
  9 adders
  A shadow imp (D:6)
  A white imp (D:6)
  4 ufetubi
  An ooze (D:1)
  An adder zombie (D:6)
  An adder skeleton (D:5)
  A worm (D:2)
  A dart slug (D:4)
  3 leopard geckos
  32 orcs
  3 ball pythons
  10 bats
  7 giant cockroaches
  16 goblins
  15 hobgoblins
  10 jackals
  5 kobolds
  6 quokkas
  5 frilled lizards
  4 hobgoblin zombies (Ossuary)
  A kobold zombie (Ossuary)
  2 leopard gecko skeletons (D:4)
  12 rats
190 creatures vanquished.

Notes
Turn   | Place    | Note
-------+----------+-------------------------------------------
     0 | D:1      | Borgoz the Gargoyle Gladiator began the quest for the Orb.
     0 | D:1      | Reached XP level 1. HP: 12/12 MP: 1/1
   149 | D:1      | Reached XP level 2. HP: 18/18 MP: 2/2
   423 | D:1      | Reached skill level 1 in Armour
   423 | D:1      | Reached XP level 3. HP: 12/22 MP: 3/3
  1262 | D:2      | Reached XP level 4. HP: 24/27 MP: 4/4
  1306 | D:2      | Found a bloodstained altar of Trog.
  1503 | D:2      | Reached skill level 4 in Maces & Flails
  1868 | D:2      | Reached XP level 5. HP: 32/32 MP: 5/5
  1898 | D:2      | Found an ancient bone altar of Kikubaaqudgha.
  2582 | D:3      | Reached XP level 6. HP: 37/37 MP: 6/6
  2627 | D:3      | Reached skill level 5 in Maces & Flails
  3036 | D:3      | Learned a level 3 spell: Confusing Touch
  3498 | D:3      | Found a shimmering blue altar of Sif Muna.
  3498 | D:3      | Found a glowing silver altar of Zin.
  3670 | D:4      | Found Ruppaf's Gadget Shop.
  3697 | D:4      | Reached XP level 7. HP: 39/42 MP: 7/7
  4186 | D:4      | Reached skill level 1 in Hexes
  4226 | D:4      | Found a broken altar of Ashenzari.
  4237 | D:4      | Found a burning altar of Makhleb.
  4311 | D:4      | Reached skill level 1 in Spellcasting
  4497 | D:5      | Entered Level 5 of the Dungeon
  4852 | D:5      | Reached XP level 8. HP: 30/48 MP: 8/10
  4964 | D:5      | Found a staircase to the Ecumenical Temple.
  4973 | Temple   | Entered the Ecumenical Temple
  5221 | D:5      | Reached skill level 6 in Maces & Flails
  5728 | D:4      | Became a worshipper of Ashenzari the Shackled
  6108 | D:6      | Found an iron altar of Okawaru.
  6223 | D:6      | Found a burning altar of Makhleb.
  6506 | D:6      | Found a radiant altar of Vehumet.
  6721 | D:7      | Found a sand-covered staircase.
  6735 | Ossuary  | Entered an ossuary
  6998 | D:7      | Found a flagged portal.
  7065 | D:7      | Reached skill level 5 in Fighting
  7065 | D:7      | Reached skill level 5 in Dodging
  7162 | Bailey   | Entered a bailey
  7336 | Bailey   | Slain by an orc warrior

Illustrated notes

Levels and vault maps discovered:
D:1:      psy_arrival_conway, layout_basic, minivault_5
D:2:      layout_loops_ring, kiku_gazebo_garden_becter, trog_hazing_becter
D:3:      layout_loops_ring, gammafunk_temple_overflow_statue
D:4:      layout_basic, nicolae_overflow_hidden_temple, serial_shops, shop
D:5:      layout_gridville, minmay_temple_entry_junction_2
D:6:      layout_loops_ring, lemuel_doored_altar, kennysheep_mini_moat,
          serial_glass, glass_columns_b, glass_columns_b,
          makhleb_heckhound_becter
D:7:      cheibrodos_steamvent, layout_cave_pools, enter_ossuary_5,
          enter_bailey_4, minmay_microvault
Temple:   minmay_temple_curvy_loop
Bailey:   bailey_polearm_5, bailey

Skill      XL: |  1  2  3  4  5  6  7  8 |
---------------+-------------------------+-----
Armour         | 1 2 3 4 |  4.4
Fighting       | 3 4 5 |  5.0
Maces & Flails | 4 5 6 |  6.7
Dodging        | 3 4 5 |  5.0
Hexes          | 1 2 |  2.5
Spellcasting   | 1 2 |  2.5
Throwing       | |  1.8

Action                   |  1- 3 |  4- 6 |  7- 9 || total
-------------------------+-------+-------+-------++-------
Melee: Flail             |   122 |   243 |   400 ||   765
Throw: Throwing net      |     1 |       |     2 ||     3
Evoke: Wand              |       |       |     1 ||     1
  Use: Scroll            |     4 |     6 |    13 ||    23
       Potion            |       |     3 |     1 ||     4
Armor: Leather armour    |    47 |       |       ||    47
       Scale mail        |    28 |   171 |    93 ||   292
       Ring mail         |       |       |   138 ||   138
       Chain mail        |       |       |    60 ||    60
Dodge: Dodged            |    74 |   145 |   326 ||   545

Table legend: (Time is in decaauts)
 A = Elapsed time spent in this place.
 B = Non-inter-level travel time spent in this place.
 C = Inter-level travel time spent in this place.
 D = Time resting spent in this place.
 E = Time spent auto-exploring this place.
 F = Levels seen in this place.
 G = Mean time per level.
                   A        B        C        D        E       F      G
               +--------+--------+--------+--------+--------+-----+--------+
         Total |   7449 |   7124 |    325 |   1174 |   4159 |  10 |  744.9 |
       Dungeon |   6824 |   6523 |    301 |   1174 |   3924 |   7 |  974.9 |
        Temple |    214 |    190 |     24 |      0 |    190 |   1 |  214.0 |
       Ossuary |    232 |    232 |      0 |      0 |      0 |   1 |  232.0 |
        Bailey |    177 |    177 |      0 |      0 |     45 |   1 |  177.0 |
               +--------+--------+--------+--------+--------+-----+--------+

Top non-repeatable levels by time:
     D:2: 1398 daAuts
     D:1: 1210 daAuts
     D:3: 1091 daAuts
     D:5: 1029 daAuts
     D:6: 921 daAuts
     D:4: 906 daAuts
     D:7: 267 daAuts
 Ossuary: 232 daAuts
  Temple: 214 daAuts
  Bailey: 177 daAuts
